| TOP OF THE 1ST |
|
Sacramento River Cats batting - Pitching for Louisville Bats : LHP William Lobo
|
|
Pitching: LHP William Lobo
|
|
|
Batting: SHB Danny Garcia
|
0-0: Ball 1-0: Ball 2-0: Ball 3-0: Called Strike 3-1: Base on Balls
|
|
Batting: RHB Hugo Zacarias
|
0-0: Foul Ball, location: 2F 0-1: Ground out 6-3 (Groundball, P, EV 81.9 MPH) Danny Garcia to second
|
|
Batting: SHB Jason Spradling
|
0-0: Ground out 6-3 (Groundball, 6, EV 81.9 MPH) Danny Garcia to third
|
|
Batting: RHB Jason Gress
|
0-0: Called Strike 0-1: Called Strike 0-2: Ball 1-2: Foul Ball, location: 2F 1-2: SINGLE (Groundball, P, EV 90.0 MPH) (infield hit) Danny Garcia scores
|
|
Batting: RHB John Shaffer
|
0-0: Called Strike 0-1: Ball 1-1: Ball 2-1: Ball 3-1: SINGLE (Groundball, 6MD, EV 95.0 MPH) Jason Gress to second Runner from 2nd tries for 3rd, OUT! 8-5
|
| Top of the 1st over - 1 run, 2 hits, 0 errors, 1 left on base; Sacramento 1 - Louisville 0 |
| BOTTOM OF THE 1ST |
|
Louisville Bats batting - Pitching for Sacramento River Cats : RHP Roberto Duron
|
|
Pitching: RHP Roberto Duron
|
|
|
Batting: SHB Paul Sandoval
|
0-0: Ball 1-0: Called Strike 1-1: Foul Ball, location: 2F 1-2: Foul Ball, location: 2F 1-2: SINGLE (Groundball, 5S, EV 64.4 MPH) (infield hit)
|
|
Batting: RHB Chase Briney
|
0-0: SINGLE (Groundball, 6MD, EV 93.8 MPH) Paul Sandoval to second
|
|
Batting: LHB Randy Racine
|
0-0: Ball 1-0: Swinging Strike 1-1: Foul Ball, location: 2F 1-2: SINGLE (Groundball, 4MD, EV 109.4 MPH) Paul Sandoval to third Chase Briney to second
|
|
Batting: RHB Jason Harris
|
0-0: Ball 1-0: Ball 2-0: Ball 3-0: SINGLE (Groundball, 56D, EV 94.4 MPH) Paul Sandoval scores Chase Briney to third Randy Racine to second
|
|
Batting: RHB Danny Real
|
0-0: Called Strike 0-1: Foul Ball, location: 2F 0-2: Grounds into double play, 6-4-3 (Groundball, 6, EV 105.6 MPH) Chase Briney scores Randy Racine to third
|
|
Batting: RHB Estanislau Gosendes
|
0-0: Ball 1-0: Ground out 1-3 (Groundball, 15S, EV 66.9 MPH)
|
| Bottom of the 1st over - 2 runs, 4 hits, 0 errors, 1 left on base; Sacramento 1 - Louisville 2 |
| TOP OF THE 2ND |
|
Sacramento River Cats batting - Pitching for Louisville Bats : LHP William Lobo
|
|
Batting: LHB Nick Swank
|
0-0: Ball 1-0: Ball 2-0: Foul Ball, location: 2F 2-1: Called Strike 2-2: Ground out U3 (Groundball, 3L, EV 81.2 MPH)
|
|
Batting: RHB Martin Guerrero
|
0-0: Foul Ball, location: 2F 0-1: Foul Ball, location: 2F 0-2: Strikes out swinging
|
|
Batting: LHB Fred Arends
|
0-0: Ball 1-0: Ball 2-0: Swinging Strike 2-1: Foul Ball, location: 2F 2-2: Strikes out swinging
|
| Top of the 2nd over - 0 runs, 0 hits, 0 errors, 0 left on base; Sacramento 1 - Louisville 2 |
| BOTTOM OF THE 2ND |
|
Louisville Bats batting - Pitching for Sacramento River Cats : RHP Roberto Duron
|
|
Batting: RHB Chris Zamora
|
0-0: Ball 1-0: Ball 2-0: Called Strike 2-1: Foul Ball, location: 2F 2-2: Ball 3-2: SINGLE (Groundball, 34D, EV 100.6 MPH)
|
|
Batting: RHB Gerald de Vries
|
0-0: Swinging Strike 0-1: Called Strike 0-2: Grounds into double play, 4-6-3 (Groundball, 4, EV 90.0 MPH)
|
|
Batting: RHB Yasusaburo Kuwahara
|
0-0: Ball 1-0: Called Strike 1-1: Foul Ball, location: 2F 1-2: Ball 2-2: Fly out, F7 (Flyball, 7LS, EV 80.0 MPH)
|
| Bottom of the 2nd over - 0 runs, 1 hit, 0 errors, 0 left on base; Sacramento 1 - Louisville 2 |
| TOP OF THE 3RD |
|
Sacramento River Cats batting - Pitching for Louisville Bats : LHP William Lobo
|
|
Batting: LHB Josh Straub
|
0-0: Ball 1-0: Ball 2-0: Called Strike 2-1: SINGLE (Groundball, 56D, EV 98.1 MPH)
|
|
Batting: SHB Danny Garcia
|
0-0: Called Strike 0-1: Ball 1-1: Ball 2-1: Swinging Strike 2-2: Fielders Choice at 2nd, 5-4 (Groundball, 56, EV 96.2 MPH)
|
|
Batting: RHB Hugo Zacarias
|
0-0: Ball 1-0: Swinging Strike 1-1: Foul Ball, location: 2F 1-2: Ball 2-2: Fly out, F9 (Flyball, 9S, EV 89.4 MPH)
|
|
Batting: SHB Jason Spradling
|
0-0: Swinging Strike 0-1: Foul Ball, location: 2F 0-2: Ball 1-2: Strikes out swinging
|
| Top of the 3rd over - 0 runs, 1 hit, 0 errors, 1 left on base; Sacramento 1 - Louisville 2 |
| BOTTOM OF THE 3RD |
|
Louisville Bats batting - Pitching for Sacramento River Cats : RHP Roberto Duron
|
|
Batting: SHB Paul Sandoval
|
0-0: Ball 1-0: Called Strike 1-1: Ball 2-1: Foul Ball, location: 2F 2-2: Ball 3-2: SINGLE (Groundball, 34S, EV 67.5 MPH) (infield hit)
|
|
Batting: RHB Chase Briney
|
0-0: Ball Paul Sandoval is caught stealing 2nd base 2-4 1-0: SINGLE (Groundball, 6MD, EV 108.8 MPH)
|
|
Batting: LHB Randy Racine
|
0-0: Ball 1-0: Swinging Strike 1-1: Ball 2-1: Foul Ball, location: 2F 2-2: Foul Ball, location: 2F 2-2: Ball 3-2: Fielders Choice at 2nd, 6-4 (Groundball, 56, EV 103.1 MPH)
|
|
Batting: RHB Jason Harris
|
0-0: Called Strike Randy Racine steals 2nd base 0-1: Ball 1-1: Foul Ball, location: 2F 1-2: Reached on error, E4 (Groundball, 4, EV 103.1 MPH) Randy Racine scores
|
|
Batting: RHB Danny Real
|
0-0: Swinging Strike 0-1: Foul Ball, location: 2F 0-2: Foul Ball, location: 2F 0-2: Fly out, F8 (Flyball, 8LD, EV 96.9 MPH)
|
| Bottom of the 3rd over - 1 run, 2 hits, 1 error, 1 left on base; Sacramento 1 - Louisville 3 |
| TOP OF THE 4TH |
|
Sacramento River Cats batting - Pitching for Louisville Bats : LHP William Lobo
|
|
Batting: RHB Jason Gress
|
0-0: Fly out, F6 (Flyball, 56D, EV 89.4 MPH)
|
|
Batting: RHB John Shaffer
|
0-0: DOUBLE (Line Drive, 9LM, EV 110.6 MPH)
|
|
Batting: LHB Nick Swank
|
0-0: Ball 1-0: Foul Ball, location: 2F 1-1: Ball 2-1: Called Strike 2-2: Strikes out swinging
|
|
Batting: RHB Martin Guerrero
|
0-0: Swinging Strike 0-1: Foul Ball, location: 2F 0-2: Ball 1-2: Strikes out looking
|
| Top of the 4th over - 0 runs, 1 hit, 0 errors, 1 left on base; Sacramento 1 - Louisville 3 |
| BOTTOM OF THE 4TH |
|
Louisville Bats batting - Pitching for Sacramento River Cats : RHP Roberto Duron
|
|
Batting: RHB Estanislau Gosendes
|
0-0: Ball 1-0: Ball 2-0: Ball 3-0: Base on Balls
|
|
Batting: RHB Chris Zamora
|
0-0: Called Strike 0-1: Ball 1-1: Foul Ball, location: 2F 1-2: Strikes out looking
|
|
Batting: RHB Gerald de Vries
|
0-0: Foul Ball, location: 2F 0-1: Called Strike 0-2: Strikes out swinging
|
|
Batting: RHB Yasusaburo Kuwahara
|
0-0: Foul Ball, location: 2F 0-1: Foul Ball, location: 2F 0-2: Strikes out swinging, 2-3 out at first.
|
| Bottom of the 4th over - 0 runs, 0 hits, 0 errors, 1 left on base; Sacramento 1 - Louisville 3 |
| TOP OF THE 5TH |
|
Sacramento River Cats batting - Pitching for Louisville Bats : LHP William Lobo
|
|
Batting: LHB Fred Arends
|
0-0: Ground out 6-3 (Groundball, 6, EV 86.2 MPH)
|
|
Batting: LHB Josh Straub
|
0-0: Fly out, F7 (Flyball, 78D, EV 93.1 MPH)
|
|
Batting: SHB Danny Garcia
|
0-0: Called Strike 0-1: Ground out 4-3 (Groundball, 4, EV 77.5 MPH)
|
| Top of the 5th over - 0 runs, 0 hits, 0 errors, 0 left on base; Sacramento 1 - Louisville 3 |
| BOTTOM OF THE 5TH |
|
Louisville Bats batting - Pitching for Sacramento River Cats : RHP Roberto Duron
|
|
Batting: SHB Paul Sandoval
|
0-0: Ball 1-0: Foul Ball, location: 2F 1-1: Ball 2-1: Ball 3-1: Base on Balls
|
|
Batting: RHB Chase Briney
|
0-0: Called Strike 0-1: Grounds into double play, 6-4-3 (Groundball, 6D, EV 85.0 MPH)
|
|
Batting: LHB Randy Racine
|
0-0: Swinging Strike 0-1: Called Strike 0-2: DOUBLE (Groundball, 3L, EV 95.0 MPH)
|
|
Batting: RHB Jason Harris
|
0-0: Ball 1-0: Foul Ball, location: 2F 1-1: Foul Ball, location: 2F 1-2: 2-RUN HOME RUN (Flyball, 7D, EV 95.6 MPH), Distance : 380 ft
|
|
Pitching: RHP Taiji Morita
|
|
|
Batting: RHB Danny Real
|
0-0: Ball 1-0: Ground out 5-3 (Groundball, 5, EV 85.6 MPH)
|
| Bottom of the 5th over - 2 runs, 2 hits, 0 errors, 0 left on base; Sacramento 1 - Louisville 5 |
| TOP OF THE 6TH |
|
Sacramento River Cats batting - Pitching for Louisville Bats : LHP William Lobo
|
|
Batting: RHB Hugo Zacarias
|
0-0: Ball 1-0: Ball 2-0: Ball 3-0: Base on Balls
|
|
Batting: SHB Jason Spradling
|
0-0: Called Strike 0-1: Ball 1-1: Called Strike 1-2: Grounds into double play, 5-4-3 (Groundball, 56D, EV 92.5 MPH)
|
|
Batting: RHB Jason Gress
|
0-0: Ball 1-0: Ball 2-0: Foul Ball, location: 2F 2-1: Fly out, F9 (Flyball, 9LM, EV 99.4 MPH)
|
| Top of the 6th over - 0 runs, 0 hits, 0 errors, 0 left on base; Sacramento 1 - Louisville 5 |
| BOTTOM OF THE 6TH |
|
Louisville Bats batting - Pitching for Sacramento River Cats : RHP Taiji Morita
|
|
Batting: RHB Estanislau Gosendes
|
0-0: Ball 1-0: Ball 2-0: Ball 3-0: Called Strike 3-1: Swinging Strike 3-2: Strikes out swinging
|
|
Batting: RHB Chris Zamora
|
0-0: Swinging Strike 0-1: Swinging Strike 0-2: Ball 1-2: Ball 2-2: Strikes out swinging
|
|
Batting: RHB Gerald de Vries
|
0-0: Ball 1-0: Called Strike 1-1: Foul Ball, location: 2F 1-2: SINGLE (Line Drive, 5D, EV 96.9 MPH)
|
|
Batting: RHB Yasusaburo Kuwahara
|
0-0: Ball 1-0: Called Strike 1-1: Fly out, F3 (Flyball, 3D, EV 79.4 MPH)
|
| Bottom of the 6th over - 0 runs, 1 hit, 0 errors, 1 left on base; Sacramento 1 - Louisville 5 |
| TOP OF THE 7TH |
|
Sacramento River Cats batting - Pitching for Louisville Bats : LHP William Lobo
|
|
Batting: RHB John Shaffer
|
0-0: Swinging Strike 0-1: Fly out, F6 (Popup, 6M, EV 63.1 MPH)
|
|
Batting: LHB Nick Swank
|
0-0: Ball 1-0: Ball 2-0: Called Strike 2-1: Swinging Strike 2-2: Strikes out swinging
|
|
Batting: RHB Martin Guerrero
|
0-0: Ball 1-0: Ball 2-0: Foul Ball, location: 2F 2-1: Called Strike 2-2: Strikes out swinging
|
| Top of the 7th over - 0 runs, 0 hits, 0 errors, 0 left on base; Sacramento 1 - Louisville 5 |
| BOTTOM OF THE 7TH |
|
Louisville Bats batting - Pitching for Sacramento River Cats : RHP Taiji Morita
|
|
Pitching: LHP Gael Greene
|
|
|
Batting: SHB Paul Sandoval
|
0-0: Ball 1-0: Fly out, F9 (Flyball, 89S, EV 91.9 MPH)
|
|
Batting: RHB Chase Briney
|
0-0: Ball 1-0: Called Strike 1-1: Foul Ball, location: 2F 1-2: SINGLE (Groundball, 56D, EV 96.2 MPH)
|
|
Batting: LHB Randy Racine
|
0-0: Swinging Strike 0-1: Ball 1-1: Ball 2-1: Ball 3-1: Base on Balls Chase Briney to second
|
|
Batting: RHB Jason Harris
|
0-0: Called Strike 0-1: SINGLE (Groundball, P, EV 88.1 MPH) (infield hit) Chase Briney to third Randy Racine to second
|
|
Batting: RHB Danny Real
|
0-0: Called Strike 0-1: Fly out, F4 (Popup, 34S, EV 81.9 MPH)
|
|
Batting: RHB Estanislau Gosendes
|
0-0: Foul Ball, location: 2F 0-1: Swinging Strike 0-2: Foul Ball, location: 2F 0-2: Strikes out swinging
|
| Bottom of the 7th over - 0 runs, 2 hits, 0 errors, 3 left on base; Sacramento 1 - Louisville 5 |
| TOP OF THE 8TH |
|
Sacramento River Cats batting - Pitching for Louisville Bats : LHP William Lobo
|
|
Batting: LHB Fred Arends
|
0-0: Ball 1-0: Foul Ball, location: 2F 1-1: Foul Ball, location: 2F 1-2: Strikes out swinging
|
|
Batting: LHB Josh Straub
|
0-0: Called Strike 0-1: Ball 1-1: Ball 2-1: Ground out 5-3 (Groundball, 5, EV 101.9 MPH)
|
|
Batting: SHB Danny Garcia
|
0-0: Ball 1-0: Ball 2-0: Ball 3-0: Called Strike 3-1: Ground out 6-3 (Groundball, 6, EV 108.1 MPH)
|
| Top of the 8th over - 0 runs, 0 hits, 0 errors, 0 left on base; Sacramento 1 - Louisville 5 |
| BOTTOM OF THE 8TH |
|
Louisville Bats batting - Pitching for Sacramento River Cats : LHP Gael Greene
|
|
Pitching: RHP Fidde Machielsen
|
|
|
Batting: RHB Chris Zamora
|
0-0: SINGLE (Groundball, 25, EV 68.8 MPH) (infield hit)
|
|
Batting: RHB Gerald de Vries
|
0-0: Called Strike 0-1: Swinging Strike 0-2: Ball 1-2: Ball 2-2: Ground out 4-3 (Groundball, 4S, EV 68.8 MPH) Chris Zamora to second
|
|
Batting: RHB Yasusaburo Kuwahara
|
0-0: Ball 1-0: Called Strike 1-1: SINGLE (Line Drive, 6D, EV 100.6 MPH) Chris Zamora to third
|
|
Batting: SHB Paul Sandoval
|
0-0: Called Strike 0-1: Ball 1-1: Ball 2-1: SINGLE (Groundball, 4MD, EV 99.4 MPH) Chris Zamora scores Yasusaburo Kuwahara to second
|
|
Batting: RHB Chase Briney
|
0-0: Ball 1-0: Called Strike 1-1: Ball 2-1: Foul Ball, location: 2F 2-2: SINGLE (Line Drive, 9S, EV 91.9 MPH) Yasusaburo Kuwahara to third Paul Sandoval to second Runner from 3rd tries for Home, SAFE, throw by RF to home
|
|
Batting: LHB Randy Racine
|
0-0: Called Strike 0-1: SINGLE (Line Drive, 9S, EV 97.5 MPH) Paul Sandoval to third Chase Briney to second Runner from 3rd tries for Home, SAFE, throw by RF to home
|
|
Batting: RHB Jason Harris
|
0-0: Ground out 6-3 (Groundball, 6S, EV 68.8 MPH) Chase Briney to third Randy Racine to second
|
|
Batting: RHB Danny Real
|
0-0: Fly out, F8 (Flyball, 8RXD, EV 87.5 MPH)
|
| Bottom of the 8th over - 3 runs, 5 hits, 0 errors, 2 left on base; Sacramento 1 - Louisville 8 |
| TOP OF THE 9TH |
|
Sacramento River Cats batting - Pitching for Louisville Bats : LHP William Lobo
|
|
Pitching: LHP Elijah McLeod
|
|
|
Batting: RHB Hugo Zacarias
|
0-0: Ball 1-0: SINGLE (Groundball, 6MS, EV 66.9 MPH) (infield hit)
|
|
Batting: SHB Jason Spradling
|
0-0: Called Strike 0-1: Fly out, F9 (Line Drive, 9D, EV 91.2 MPH)
|
|
Batting: RHB Jason Gress
|
0-0: Called Strike 0-1: Ball 1-1: Ball 2-1: Ball 3-1: SINGLE (Flyball, 3D, EV 99.4 MPH) Hugo Zacarias to second
|
|
Batting: RHB John Shaffer
|
0-0: Ball 1-0: Ball 2-0: Called Strike 2-1: Called Strike 2-2: Ball 3-2: Strikes out swinging
|
|
Batting: LHB Nick Swank
|
0-0: Foul Ball, location: 2F 0-1: Ground out 4-3 (Groundball, 13, EV 90.0 MPH)
|
| Top of the 9th over - 0 runs, 2 hits, 0 errors, 2 left on base; Sacramento 1 - Louisville 8 |
|